 Dungeon Crawl Stone Soup version 0.19.1-1-g22dce08 (console) character file.

2532 Kloppie the Fighter (level 9, -1/84 HPs)
             Began as a Green Draconian Berserker on Jan 19, 2017.
             Was a Priest of Trog.
             Killed from afar by an electric eel (10 damage)
             ... with a bolt of electricity
             ... on level 9 of the Dungeon.
             The game lasted 00:09:18 (6617 turns).

Kloppie the Fighter (Green Draconian Berserker)     Turns: 6617, Time: 00:09:19

Health: -1/84      AC: 14    Str: 20    XL:     9   Next: 30%
Magic:  9/9        EV: 14    Int:  7    God:    Trog [***...]
Gold:   317        SH:  0    Dex: 14    Spells: 0 memorised, 8 levels left

rFire  . . .     SeeInvis .     a - +2 hand axe
rCold  . . .     Gourm    .     (armour unavailable)
rNeg   . . .     Faith    .     (no shield)
rPois  +         Spirit   .     (helmet restricted)
rElec  .         Reflect  .     E - +1 cloak
rCorr  .         Harm     .     D - +0 pair of gloves
MR     +++..                    (no boots)
Stlth  +.........               (no amulet)
                                p - +4 ring of protection
                                K - ring of protection from magic

@: regenerating
A: breathe noxious fumes, unfitting armour, poison resistance, cold-blooded, AC
+7
a: Breathe Noxious Fumes, Berserk, Trog's Hand, Burn Spellbooks, Renounce
Religion


You were on level 9 of the Dungeon.
You worshipped Trog.
Trog was most pleased with you.
You were near starving.

You visited 1 branch of the dungeon, and saw 9 of its levels.

You collected 317 gold pieces.

Inventory:

Hand Weapons
 a - a +2 hand axe (weapon)
 b - a +0 hand crossbow
 d - a +1 antimagic war axe
 H - a +2 war axe of pain
 I - a +0 broad axe
Missiles
 x - 37 bolts
Armour
 D - a +0 pair of gloves (worn)
 E - a +1 cloak (worn)
Jewellery
 e - the ring of the Jester {rElec rF+ rC+ Slay-4}
   (You found it on level 8 of the Dungeon)

   [ring of protection from fire]

   It affects your accuracy and damage with ranged weapons and melee attacks
   (-4).
   It protects you from fire.
   It protects you from cold.
   It insulates you from electricity.
 l - an uncursed ring of flight
 p - a +4 ring of protection (right hand)
 K - a ring of protection from magic (left hand)
Wands
 J - a wand of flame (24/48)
Scrolls
 g - 2 scrolls of noise
 i - 2 scrolls of amnesia
 m - 2 scrolls of identify
 o - 2 scrolls of immolation {unknown}
 r - 2 scrolls of teleportation {unknown}
 s - 2 scrolls of fog {unknown}
 w - 3 scrolls of remove curse {unknown}
 y - 2 scrolls of magic mapping {unknown}
Potions
 c - 2 potions of ambrosia {unknown}
 f - a potion of invisibility
 k - 2 potions of haste {unknown}
 n - 3 potions of degeneration {unknown}
 u - 4 potions of brilliance {unknown}
 v - a potion of lignification
 z - 3 potions of flight {unknown}
 A - 2 potions of curing {unknown}
 B - a potion of berserk rage
 C - a potion of cancellation
 F - a potion of might
 G - 2 potions of magic {unknown}
Comestibles
 h - 2 slices of pizza
 j - a beef jerky
 q - 7 bread rations
 t - 12 fruits


   Skills:
 - Level 9.6 Fighting
 + Level 9.5 Axes
 + Level 4.0 Dodging


You had 8 spell levels left.
You didn't know any spells.

Dungeon Overview and Level Annotations

Branches:
Dungeon (9/15)             Temple (0/1) D:6
   Lair: D:8-11         Orc: D:9-12

Altars:
Ashenzari
Cheibriados
Hepliaklqana
Sif Muna
Trog
Uskayaw
The Shining One

Annotations:
D:7 exclusion: 2 doors


Innate Abilities, Weirdness & Mutations

You can breathe blasts of noxious fumes.
Your lurid green scales are hard. (AC +7)
You cannot fit into any form of body armour.
Your system is resistant to poisons. (rPois)
You are cold-blooded and may be slowed by cold attacks.


Message History

The bolt of electricity misses you.
The bolt of electricity hits the plant.
Okay, then.
The electric eel shoots out a bolt of lightning at you!
The bolt of electricity misses you.
The electric eel shoots out a bolt of lightning at you!
The bolt of electricity hits the plant.
The bolt of electricity misses you.
The electric eel shoots out a bolt of lightning at you!
The bolt of electricity hits the plant.
The bolt of electricity hits you!
* * * LOW HITPOINT WARNING * * *
The electric eel shoots out a bolt of lightning at you!
The bolt of electricity hits you!
* * * LOW HITPOINT WARNING * * *
The electric eel shoots out a bolt of lightning at you!
The bolt of electricity hits the plant.
The plant is destroyed!
The bolt of electricity hits you!
* * * LOW HITPOINT WARNING * * *
The electric eel shoots out a bolt of lightning at you!
The bolt of electricity hits you!
You die...

##.≈.≈♣ P #...#
#..;P♣PPP ##...#
##.;P♣≈PP≈ ....#
#..;P≈≈P# ##...#
##.[.≈≈.P#
#...>####..PP♣≈≈##
#####....#....≈PP≈P≈#
##........#.#...PP≈P.#
..........@...#.≈≈≈P...
.............##PPPP..##.
#......###.####.#####
#......###.###..#
##.....#...##..##
....###...##.#.##
###..>...###.#.#
#..##..## #.#.# # #..#
##...#


You could see 2 electric eels.

Vanquished Creatures
  Grinder (D:4)
  A spriggan (D:7)
  Eustachio (D:6)
  Edmund (D:4)
  A phantom (D:6)
  3 ice beasts
  5 centaurs
  2 ogres
  2 bullfrogs
  2 howler monkeys
  3 wights (D:9)
  2 electric eels (D:8)
  A bullfrog zombie (D:5)
  An orc priest (D:4)
  2 hounds
  2 jellies
  A centaur skeleton (D:6)
  A gnoll shaman (D:7)
  Crazy Yiuf (D:7)
  An orc wizard (D:4)
  3 worker ants
  A hound zombie (D:8)
  2 worker ant zombies
  4 gnolls (D:7)
  6 adders
  An ooze (D:2)
  An adder skeleton (D:6)
  4 worms
  3 dart slugs
  4 leopard geckos
  12 orcs
  A ball python (D:2)
  3 giant cockroaches
  8 goblins
  6 hobgoblins
  2 jackals (D:2)
  2 quokkas
  10 bats
  6 frilled lizards
  A jackal skeleton (D:4)
  4 kobolds
  16 rats
134 creatures vanquished.

Vanquished Creatures (others)
  An adder (D:5)
  A plant (D:9)
2 creatures vanquished.

Grand Total: 136 creatures vanquished

Notes
Turn   | Place    | Note
-------+----------+-------------------------------------------
     0 | D:1      | Kloppie the Draconian Berserker began the quest for the Orb.
     0 | D:1      | Reached XP level 1. HP: 19/19 MP: 1/1
    23 | D:1      | Reached XP level 2. HP: 26/26 MP: 2/2
   209 | D:1      | Reached ** piety under Trog
   258 | D:1      | Reached XP level 3. HP: 33/33 MP: 3/3
  1032 | D:2      | Reached XP level 4. HP: 30/40 MP: 4/4
  1541 | D:4      | Noticed an ogre
  1549 | D:4      | Killed an ogre
  1549 | D:4      | Reached skill level 5 in Fighting
  1549 | D:4      | Reached skill level 5 in Axes
  1549 | D:4      | Reached XP level 5. HP: 47/48 MP: 5/5
  1787 | D:4      | Reached *** piety under Trog
  1804 | D:4      | Noticed Edmund
  1808 | D:4      | Killed Edmund
  1808 | D:4      | Reached XP level 6. HP: 57/57 MP: 6/6
  2182 | D:4      | Found a glowing golden altar of the Shining One.
  2287 | D:4      | Your scales start taking on a lurid green colour.
  2287 | D:4      | Reached XP level 7. HP: 30/64 MP: 7/7
  2287 | D:4      | Gained mutation: Your system is resistant to poisons. (rPois) [Green Draconian growth]
  2501 | D:4      | Noticed Grinder
  2510 | D:4      | Killed Grinder
  2610 | D:4      | Found a hide-covered altar of Uskayaw.
  2696 | D:5      | Entered Level 5 of the Dungeon
  3191 | D:5      | Reached XP level 8. HP: 30/74 MP: 8/8
  3883 | D:6      | Noticed Eustachio
  3908 | D:6      | Killed Eustachio
  4125 | D:6      | Found a staircase to the Ecumenical Temple.
  4404 | D:6      | Found a snail-covered altar of Cheibriados.
  5518 | D:7      | Found a runed door.
  5522 | D:7      | Noticed Crazy Yiuf
  5527 | D:7      | Killed Crazy Yiuf
  5527 | D:7      | Reached XP level 9. HP: 84/84 MP: 9/9
  5679 | D:8      | Found a shattered altar of Ashenzari.
  5694 | D:8      | Found a snail-covered altar of Cheibriados.
  5893 | D:8      | Got an ancient lead ring
  5895 | D:8      | Identified the ring of the Jester {rElec rF+ rC+ Slay-4} (You found it on level 8 of the Dungeon)
  6525 | D:9      | Found a deep blue altar of Sif Muna.
  6525 | D:9      | Found a bloodstained altar of Trog.
  6571 | D:9      | Found a hazy altar of Hepliaklqana.
  6617 | D:9      | Killed from afar by an electric eel

Skill      XL: |  1  2  3  4  5  6  7  8  9 |
---------------+----------------------------+-----
Fighting       | 4 5 6 7 9 |  9.6
Axes           | 4 5 6 7 8 9 |  9.5
Dodging        | 4 |  4.0

Action                   |  1- 3 |  4- 6 |  7- 9 || total
-------------------------+-------+-------+-------++-------
Melee: Hand axe          |   140 |   140 |   316 ||   596
       Tailslap          |     9 |    23 |    52 ||    84
Invok: Berserk           |     1 |     4 |     7 ||    12
       Trog's Hand       |       |       |     3 ||     3
  Use: Scroll            |       |       |    12 ||    12
 Stab: Sleeping          |     2 |       |       ||     2
       Distracted        |       |       |     1 ||     1
  Eat: Chunk             |     2 |     8 |    10 ||    20
       Meat ration       |       |       |     1 ||     1
       Bread ration      |       |       |     1 ||     1
Armor: Skin              |    61 |    26 |    72 ||   159
Dodge: Dodged            |   118 |    89 |   185 ||   392
